 Dungeon Crawl Stone Soup version 0.28.0-45-g0d030f2227 (webtiles) character file.

Game seed: 5920789648166336412

102 GigaChad the Skirmisher (level 4, -3/41 HPs)
             Began as a Minotaur Fighter on Apr 13, 2022.
             Was an Initiate of Ashenzari.
             Slain by an orc priest
             ... wielding a +0 trident
              (5 damage)
             ... on level 3 of the Dungeon.
             The game lasted 00:04:05 (1234 turns).

GigaChad the Skirmisher (Minotaur Fighter)          Turns: 1234, Time: 00:04:06

Health: -3/41      AC:  7    Str: 21    XL:     4   Next: 50%
Magic:  3/3        EV:  9    Int:  5    God:    Ashenzari [......]
Gold:   37         SH:  4    Dex: 11    Spells: 3/3 levels left

rFire   + + .      SeeInvis .   a - +0 long sword
rCold   x . .      Faith    .   c - +0 buckler
rNeg    . . .      Spirit   .   b - +0 scale mail
rPois   .          Reflect  .   (helmet restricted)
rElec   .          Harm     .   (no cloak)
rCorr   .          Rampage  .   (no gloves)
Will    .....                   (no boots)
Stlth   ..........              (no amulet)
HPRegen 0.13/turn               g - ring of fire
MPRegen 0.08/turn               e - ring of protection from fire

@: no status effects
A: horns 2, retaliatory headbutt
a: Renounce Religion


You were on level 3 of the Dungeon.
You worshipped Ashenzari.
Ashenzari was noncommittal.
You visited 1 branch of the dungeon, and saw 3 of its levels.

You collected 37 gold pieces.

Inventory:

Hand Weapons
 a - a +0 long sword (weapon)
 o - a +3 dagger
Missiles
 i - 43 bolts
Armour
 b - a +0 scale mail (worn)
 c - a +0 buckler (worn)
Jewellery
 e - a ring of protection from fire (right hand)
 g - a ring of fire (left hand)
 l - a ring of protection from fire
 m - a ring of resist corrosion
Scrolls
 h - 2 scrolls of identify
 j - a scroll of amnesia {unknown}
 k - 3 scrolls of teleportation
 r - a scroll of summoning {unknown}
Potions
 d - a potion of might
 f - a potion of berserk rage
 n - a potion of degeneration {unknown}
 p - a potion of curing {unknown}
 q - a potion of attraction {unknown}
 s - 2 potions of resistance {unknown}
 t - a potion of heal wounds {unknown}


   Skills:
 + Level 4.7 Fighting
 + Level 3.5 Long Blades
 + Level 4.3 Armour
 + Level 1.0 Dodging
 + Level 4.1 Shields


You had 3 spell levels left.
You didn't know any spells.
Your spell library contained the following spells:

 Spells                   Type           Power      Damage    Failure   Level
 Animate Skeleton         Necr           0%         N/A       88%         1
 Pain                     Necr           0%         1d4       88%         1


Dungeon Overview and Level Annotations

Branches:
Dungeon (3/15)

Altars:
Ashenzari
Elyvilon
Fedhas


Innate Abilities, Weirdness & Mutations

You have a pair of horns on your head.
You reflexively headbutt those who attack you in melee.


Message History

a +0 club; a goblin corpse; a rat corpse
Found a blossoming altar of Fedhas.
Found a stone staircase leading up.
Why would you want to do that? Why would you want to do that?
Why would you want to do that?
An orc comes into view. It is wielding a +0 mace.
The orc shouts!
You hear a shout! x2
An orc comes into view. It is wielding a +0 short sword.
An orc comes into view. It is wielding a +0 flail.
An orc priest comes into view. It is wielding a +0 trident.
The orc priest shouts!
The orc barely misses you.
You slash the orc!
You kill the orc!
The orc hits you with a +0 flail!
The orc priest hits you but does no damage.
You closely miss the orc. The orc closely misses you.
The orc priest hits you but does no damage.
The orc hits you with a +0 mace.
You closely miss the orc. You headbutt the orc!
You kill the orc!
The orc hits you with a +0 flail!
The orc priest hits you from afar with a +0 trident.
The orc hits you with a +0 flail.
The orc priest hits you but does no damage.
The orc hits you with a +0 flail.
Items here: )) [ ††.
The orc priest looks braver for a moment.
The orc hits you with a +0 flail!
* * * LOW HITPOINT WARNING * * *
The orc priest hits you from afar with a +0 trident.
* * * LOW HITPOINT WARNING * * *
The orc hits you with a +0 flail.
* * * LOW HITPOINT WARNING * * *
Items here: )) [ ††.
You hit the orc. Your headbutt misses the orc.
The orc is heavily wounded.
The orc priest hits you from afar with a +0 trident.
You die...

#... ♣... #...♣♣♣♣♣♣♣..#
##...§....♣♣..#
#..§§.....♣♣..#
#.#§≈§§§..♣♣..#
######.#§§..≈..♣♣..#######
......<..._§≈..♣♣......##.
###........≈......#......
#.......@.........#)#.##.
....#.....o###..#.....#.##.
. #...#o.# ###.##.###.##.
.........# ###......##.
..........# #...#####.
.......#.#.# #...# #.
...........# #...#####.
....#......# #...##....
#####.........


You could see an orc priest and an orc.

Vanquished Creatures
  Jessica (D:2)
  A gnoll (D:1)
  An adder (D:2)
  A dart slug (D:1)
  2 orcs (D:3)
  5 bats
  3 endoplasms
  3 giant cockroaches
  9 goblins
  4 hobgoblins
  6 jackals
  2 kobolds (D:1)
  2 quokkas (D:2)
  3 frilled lizards
  4 rats
47 creatures vanquished.

Notes
Turn   | Place    | Note
-------+----------+-------------------------------------------
     0 | D:1      | GigaChad the Minotaur Fighter began the quest for the Orb.
     0 | D:1      | Reached XP level 1. HP: 19/19 MP: 0/0
    90 | D:1      | Reached XP level 2. HP: 22/27 MP: 1/1
   185 | D:1      | Reached XP level 3. HP: 7/34 MP: 2/2
   908 | D:2      | Noticed Jessica
   915 | D:2      | Killed Jessica
   916 | D:2      | Reached XP level 4. HP: 34/41 MP: 3/3
   933 | D:2      | Got Jessica's Guide on Black Arts
   970 | D:2      | You fall into a shaft and drop 1 floor!
   973 | D:3      | Found a white marble altar of Elyvilon.
  1155 | D:3      | Found a broken altar of Ashenzari.
  1157 | D:3      | Reached skill level 1 in Dodging
  1163 | D:3      | Became a worshipper of Ashenzari the Shackled
  1211 | D:3      | Found a blossoming altar of Fedhas.
  1233 | D:3      | HP: 2/41 [orc/+0 flail (1)]
  1234 | D:3      | Slain by an orc priest

Illustrated notes

Levels and vault maps discovered:
D:1:      eino_arrival_druids_welcome, layout_rooms, minmay_pentomino_s4
D:2:      layout_basic, basic_ecumenical_altar, kennysheep_jessica_study
D:3:      layout_loops_cross, mainiacjoe_overflow_chevrons,
          mainiacjoe_overflow_brackets, mainiacjoe_overflow_swirl

Skill      XL: |  1  2  3  4 |
---------------+-------------+-----
Fighting       | 4 |  4.7
Armour         | 4 |  4.3
Shields        | 4 |  4.1
Long Blades    | 3 |  3.5
Dodging        | 1 |  1.0

Action                   |  1- 3 |  4- 6 || total
-------------------------+-------+-------++-------
Melee: Long sword        |    71 |    15 ||    86
       Headbutt          |    12 |     2 ||    14
  Use: Scroll            |     4 |       ||     4
Armor: Scale mail        |    65 |     7 ||    72
Dodge: Dodged            |    51 |     5 ||    56
Block: Buckler           |    23 |     3 ||    26
